 Dungeon Crawl Stone Soup version 0.20.1-1-g8b1a95d66d (webtiles) character file.

178078 Peloso the Peltast (level 17, -5/160 HPs)
             Began as a Minotaur Fighter on Jan 6, 2018.
             Was the Champion of Okawaru.
             Killed by the raging water
             ... invoked by a water nymph
              (9 damage)
             ... on level 4 of the Shoals.
             The game lasted 01:49:48 (38308 turns).

Peloso the Peltast (Minotaur Fighter)              Turns: 38308, Time: 01:49:48

Health: -5/160     AC: 29    Str: 24    XL:     17   Next: 56%
Magic:  16/16      EV:  6    Int:  5    God:    Okawaru [******]
Gold:   1120       SH: 28    Dex: 14    Spells: 16/16 levels left

rFire    . . .     SeeInvis +   a - +4 double sword "Murmur" {slice, rElec rN+ Stlth+}
rCold    + . .     Gourm    .   d - +0 large shield {reflect}
rNeg     + . .     Faith    .   b - +0 crystal plate armour
rPois    +         Spirit   .   v - +0 hat {MR+}
rElec    +         Reflect  +   O - +0 cloak "Gil Nisu" {rElec SInv}
rCorr    .         Harm     .   (no gloves)
MR       ++...                  F - +1 pair of boots
Stlth    ..........             N - +5 amulet of reflection
Regen    0.4/turn               D - ring of poison resistance
MPRegen  0.2/turn               e - ring of protection from cold

@: very slow
A: retaliatory headbutt, horns 2
a: Heroism, Finesse, Renounce Religion


You were on level 4 of the Shoals.
You worshipped Okawaru.
Okawaru was exalted by your worship.
You were not hungry.

You visited 6 branches of the dungeon, and saw 30 of its levels.
You also visited: Sewer, Ossuary and Ice Cave.

You collected 2524 gold pieces.
You spent 1404 gold pieces at shops.

Inventory:

Hand Weapons
 a - the +4 double sword "Murmur" (weapon) {slice, rElec rN+ Stlth+}
   (Okawaru gifted it to you on level 15 of the Dungeon)

   It inflicts extra damage upon your enemies.
   It insulates you from electricity.
   It protects you from negative energy.
   It makes you more stealthy.
 n - a +4 scimitar of flaming
 o - the +6 executioner's axe of Dividends {speed, *Noise +Inv Str+5 Int+2}
   (You found it in an ice cave)

   Attacks with this weapon are significantly faster.
   It affects your strength (+5).
   It affects your intelligence (+2).
   It lets you turn invisible.
   It may make noises in combat.
 w - a +2 double sword of freezing
Armour
 b - a +0 crystal plate armour (worn)
 d - a +0 large shield of reflection (worn)
 v - a +0 hat of magic resistance (worn)
 x - a +1 cloak of cold resistance
 F - a +1 pair of boots (worn)
 O - the +0 cloak "Gil Nisu" (worn) {rElec SInv}
   (Okawaru gifted it to you on level 1 of the Spider Nest)

   It insulates you from electricity.
   It lets you see invisible.
Jewellery
 e - a ring of protection from cold (right hand)
 g - an uncursed ring of protection from fire
 i - an uncursed ring of ice
 q - an uncursed ring of positive energy
 s - an uncursed ring of protection from cold
 D - a ring of poison resistance (left hand)
 E - the ring of Liemin {rElec MR+ Int+3}
   (You bought it in a shop on level 15 of the Dungeon)

   [ring of protection from magic]

   It affects your intelligence (+3).
   It insulates you from electricity.
   It affects your resistance to hostile enchantments.
 N - a +5 amulet of reflection (around neck)
Wands
 c - a wand of flame (13/48)
 I - a wand of confusion (26/48)
 M - a wand of digging (18/24)
 Q - a wand of digging (9/24)
Scrolls
 h - 16 scrolls of remove curse
 m - 6 scrolls of recharging
 p - 10 scrolls of teleportation
 y - a scroll of amnesia
 A - 4 scrolls of identify
 C - 4 scrolls of fear
 G - a scroll of blinking
 K - 2 scrolls of magic mapping
Potions
 k - 19 potions of curing
 t - 7 potions of haste
 u - 5 potions of heal wounds
 B - 2 potions of ambrosia
 H - 5 potions of might
 P - 9 potions of resistance
 X - a potion of invisibility
 Z - 2 potions of agility
Comestibles
 f - 12 bread rations
 j - 29 fruits
 l - 13 meat rations
 r - 5 royal jellies
 z - 8 chunks of flesh


   Skills:
 + Level 16.6 Fighting
   Level 0.7(11.9) Short Blades
 + Level 18.9 Long Blades
 + Level 17.3 Armour
 + Level 2.9 Dodging
 + Level 1.1 Stealth
 + Level 20.3 Shields
 + Level 1.0 Invocations
 + Level 1.0 Evocations


You had 16 spell levels left.
You didn't know any spells.

Dungeon Overview and Level Annotations

Branches:
Dungeon (15/15) Temple (1/1) D:4 Lair (6/6) D:8 Shoals (4/4) Lair:4 Spider (2/4) Lair:4 Slime (0/5) Lair:5 Orc (2/2) D:10 Elf (0/3) Orc:1 Orc:2 Vaults (0/5) D:13 Depths (0/5) D:15

Altars:
Ashenzari
Cheibriados
Dithmenos
Elyvilon
Fedhas
Gozag
Hepliaklqana
Kikubaaqudgha
Makhleb
Nemelex Xobeh
Okawaru
Qazlal
Ru
Sif Muna
Uskayaw
Vehumet
Xom
Yredelemnul
Zin
The Shining One
Beogh

Shops:
D:4 [   D:8 *=?*   D:10 *   D:15 *   Orc:1 !   Orc:2 ***:*?   Shoals:1 *


Innate Abilities, Weirdness & Mutations

You reflexively headbutt those who attack you in melee.
You have a pair of horns on your head.


Message History

You start resting.
A water nymph comes into view.
A water nymph is nearby!
The water nymph shouts!
Splash!
You fall into the shallow water.
Moving in this stuff is going to be slow.
Your unstable footing causes you to fumble your attack.
The water nymph gestures at you while chanting.
The water swirls and strikes you!
* * * LOW HITPOINT WARNING * * *
Unknown command.
You hit the water nymph.
The water nymph is lightly wounded.
You block the water nymph's attack.
Unknown command.
Your unstable footing causes you to fumble your attack.
The water nymph casts a spell at you. The water swirls and strikes you!
You die...

.........[...≈P≈≈..#####
.........##.P≈PPPP. ≈###
.......[.###PPPP≈≈ ≈≈≈≈≈
#........."...≈≈P ≈≈≈≈.
#........###.P.P≈ ≈≈≈≈.
#≈≈......##....≈≈ ≈≈≈≈.
#≈≈≈........≈.≈≈≈ ≈≈≈≈≈
≈≈≈≈...$...≈≈≈≈≈ ≈≈≈≈≈
≈≈.....@)≈..≈≈P≈ ≈≈≈≈≈
......))m..≈≈≈≈≈ ≈≈≈.
.≈.....≈≈.≈≈≈≈≈≈ ≈...
≈.......≈...≈≈≈≈
≈........≈≈..≈≈≈
≈.........≈..≈≈≈
≈............≈≈≈
##...........≈≈.
..............


You could see a water nymph.

Vanquished Creatures
  Frances (D:14)
  A tengu reaver (D:13)
  An orc warlord (Orc:1)
  An emperor scorpion (Spider:1)
  A stone giant (Orc:1)
  An entropy weaver (Spider:2)
  Azrael (D:14)
  2 blizzard demons (IceCv)
  4 merfolk impalers
  2 merfolk javelineers
  Harold (D:11)
  2 merfolk avatars
  10 hydras
  3 catoblepae (Lair:6)
  3 centaur warriors (D:14)
  A death knight (D:14)
  An alligator snapping turtle (Shoals:2)
  4 merfolk aquamancers
  2 ogre magi
  2 dancing weapons
  14 two-headed ogres
  Urug (D:11)
  8 death yaks (Lair:6)
  5 orc high priests
  The ghost of dengdeng the Slicer, a novice MiBe of Trog (D:7)
  A skeletal warrior (D:14)
  12 sea snakes
  A wizard (D:14)
  An unseen horror (D:15)
  A phantasmal warrior (D:14)
  A deep elf mage (D:15)
  17 ugly things
  8 harpies
  A necromancer (D:15)
  12 wolf spiders
  2 orc knights
  9 cyclopes
  4 orc sorcerers
  3 fauns (Shoals:2)
  10 manticores
  11 orb spiders
  7 elephants
  3 merfolk sirens
  Joseph (D:9)
  3 water nymphs
  2 torpor snails
  The ghost of kalodont the Sneak, a novice KoEn of Uskayaw (D:4)
  An ice statue (IceCv)
  2 gargoyles
  4 black mambas
  Psyche (D:9)
  3 centaur skeletons
  A rime drake (Lair:2)
  13 spiny frogs
  A komodo dragon (Lair:2)
  A kobold demonologist (D:14)
  3 anaconda simulacra (IceCv)
  5 demonic crawlers
  An efreet (D:15)
  4 ice devils (IceCv)
  4 freezing wraiths (IceCv)
  5 trolls
  35 jumping spiders
  A golden dragon simulacrum (IceCv)
  2 polar bears
  4 wind drakes
  19 merfolk
  2 hornets
  6 slime creatures
  4 snapping turtles
  6 dream sheep
  18 hippogriffs
  30 blink frogs
  4 centaur simulacra
  Sigmund (D:6)
  3 shadows
  A tarantella (shapeshifter) (D:14)
  40 redbacks
  10 spriggans
  11 tarantellas
  7 water elementals
  2 wraiths (D:14)
  A dire elephant simulacrum (IceCv)
  46 yaks
  2 vampires
  2 wyverns (Lair:6)
  4 fire elementals
  A steam dragon (Lair:3)
  6 vampire mosquitoes (D:13)
  7 basilisks
  A death yak simulacrum (IceCv)
  5 wargs
  Edmund (D:5)
  6 harpy simulacra (IceCv)
  2 hungry ghosts
  An acid dragon (shapeshifter) (D:15)
  2 soldier ants
  15 water moccasins
  A hydra simulacrum (IceCv)
  4 acid dragons
  3 iron troll simulacra (IceCv)
  A swamp drake (Lair:6)
  Duvessa (D:6)
  6 porcupines
  3 black bears
  An eye of draining (D:15)
  4 ice beasts
  2 hornet zombies
  3 sky beasts
  A black bear (shapeshifter) (D:14)
  12 ogres
  37 orc warriors
  2 necrophages
  An alligator simulacrum (IceCv)
  5 phantoms
  6 centaurs
  6 wolves (Lair:3)
  15 crocodiles
  14 big kobolds
  18 bullfrogs
  A wyvern zombie (D:14)
  Dowan (D:6)
  6 scorpions
  10 killer bees
  9 wights
  6 howler monkeys
  9 crimson imps
  8 centaur zombies
  6 draconian simulacra (IceCv)
  2 jellies
  A quasit (D:8)
  4 bullfrog skeletons
  6 hounds
  33 orc priests
  17 orc wizards
  3 human zombies (Ossuary)
  2 iguanas
  7 worker ants
  Ijyb (D:3)
  4 spriggan simulacra (IceCv)
  2 wolf simulacra (IceCv)
  A big kobold zombie (Ossuary)
  A hound zombie (D:5)
  5 mummies (Ossuary)
  A worker ant zombie (D:5)
  20 gnolls
  14 adders
  3 ogre simulacra (IceCv)
  4 naga simulacra (IceCv)
  2 river rats (Sewer)
  3 shadow imps
  6 white imps (IceCv)
  2 ufetubi (IceCv)
  An ooze (Sewer)
  5 worms
  5 dart slugs
  3 leopard geckos
  96 orcs
  7 bats
  7 giant cockroaches
  5 goblins
  9 hobgoblins
  10 jackals
  2 quokkas
  7 ball pythons
  A ball python skeleton (D:4)
  2 frilled lizards
  A gnoll zombie (Ossuary)
  59 kobolds
  2 kobold zombies (Ossuary)
  A quokka skeleton (D:8)
  A quokka zombie (D:7)
  7 rats
  A butterfly (Lair:5)
  A fungus (Lair:1)
  2 plants
1122 creatures vanquished.

Vanquished Creatures (others)
  Nessos (Lair:4)
  A sea snake (Shoals:2)
  A slime creature (D:14)
  3 manticores
  A jumping spider (shapeshifter) (D:14)
  A centaur (Shoals:2)
  A crocodile (Lair:3)
  2 white imps (IceCv)
  An ufetubus (IceCv)
  2 orcs (Orc:1)
  2 fungi
  A plant (Lair:6)
17 creatures vanquished.

Grand Total: 1139 creatures vanquished

Notes
Turn   | Place    | Note
-------+----------+-------------------------------------------
     0 | D:1      | Peloso the Minotaur Fighter began the quest for the Orb.
     0 | D:1      | Reached XP level 1. HP: 19/19 MP: 0/0
    88 | D:1      | Reached XP level 2. HP: 26/27 MP: 1/1
   321 | D:1      | Found a sparkling altar of Nemelex Xobeh.
   435 | D:1      | Reached skill level 4 in Shields
   435 | D:1      | Reached XP level 3. HP: 26/33 MP: 2/2
  1006 | D:2      | Reached XP level 4. HP: 40/40 MP: 3/3
  1097 | D:2      | Found a basalt altar of Yredelemnul.
  1102 | D:2      | Found a white marble altar of Elyvilon.
  1106 | D:2      | Found an ancient bone altar of Kikubaaqudgha.
  1107 | D:2      | Found a shadowy altar of Dithmenos.
  1114 | D:2      | Found a sparkling altar of Nemelex Xobeh.
  1159 | D:2      | Found a glowing golden altar of the Shining One.
  1549 | D:3      | Noticed Ijyb
  1584 | D:3      | Reached XP level 5. HP: 45/46 MP: 4/4
  1606 | D:3      | Killed Ijyb
  1606 | D:3      | Reached skill level 5 in Long Blades
  1679 | D:3      | Found a glowing drain.
  1787 | Sewer    | Entered a sewer
  2049 | Sewer    | Reached XP level 6. HP: 50/53 MP: 5/5
  2056 | Sewer    | Reached skill level 5 in Armour
  2353 | D:3      | Reached skill level 5 in Shields
  2522 | D:3      | Reached skill level 5 in Fighting
  2522 | D:3      | Reached XP level 7. HP: 31/61 MP: 6/6
  2790 | D:4      | Found a sand-covered staircase.
  2813 | Ossuary  | Entered an ossuary
  3120 | Ossuary  | Reached skill level 1 in Dodging
  3209 | D:4      | Noticed kalodont's ghost (novice KoEn)
  3252 | D:4      | Killed kalodont's ghost
  3252 | D:4      | Reached XP level 8. HP: 15/68 MP: 7/7
  3539 | D:4      | Got a distressingly furry buckler
  3545 | D:4      | Identified the cursed +0 buckler "Wiyqenosk" {+Fly rN+++ Regen+ Dex-2} (You found it on level 4 of the Dungeon)
  3550 | D:4      | Found a staircase to the Ecumenical Temple.
  3561 | Temple   | Entered the Ecumenical Temple
  3716 | Temple   | Became a worshipper of Warmaster Okawaru
  4099 | D:4      | Found Zaji's Armour Shoppe.
  4165 | D:5      | Entered Level 5 of the Dungeon
  4180 | D:5      | Found a deep blue altar of Sif Muna.
  4391 | D:5      | Reached skill level 6 in Shields
  4582 | D:5      | Noticed Edmund
  4592 | D:5      | Killed Edmund
  4592 | D:5      | Reached * piety under Okawaru
  4892 | D:5      | Noticed a hippogriff
  4905 | D:5      | Killed a hippogriff
  4905 | D:5      | Reached skill level 10 in Long Blades
  4905 | D:5      | Reached XP level 9. HP: 72/78 MP: 8/8
  5451 | D:6      | Reached ** piety under Okawaru
  5592 | D:6      | Noticed Sigmund
  5626 | D:6      | Killed Sigmund
  5853 | D:6      | Found a blossoming altar of Fedhas.
  5966 | D:6      | Reached skill level 7 in Shields
  5996 | D:6      | Noticed Duvessa
  5999 | D:6      | Noticed Dowan
  6018 | D:6      | Killed Duvessa
  6036 | D:6      | Killed Dowan
  6400 | D:7      | Reached *** piety under Okawaru
  6540 | D:7      | Found a shimmering altar of Xom.
  6542 | D:7      | Found a shimmering altar of Xom.
  6544 | D:7      | Found a shimmering altar of Xom.
  6545 | D:7      | Found a shimmering altar of Xom.
  6545 | D:7      | Found a shimmering altar of Xom.
  6640 | D:7      | Noticed dengdeng's ghost (novice MiBe)
  6660 | D:7      | Killed dengdeng's ghost
  6660 | D:7      | Reached XP level 10. HP: 60/88 MP: 9/9
  6664 | D:7      | Reached **** piety under Okawaru
  7193 | D:7      | Noticed an orb spider
  7193 | D:7      | a meliai changed into an orb spider
  7317 | D:8      | Found Pyczima's Jewellery Boutique.
  7456 | D:8      | Found Untitaicw's General Store.
  7654 | D:8      | Found Epinwaib's Magic Scroll Shoppe.
  7657 | D:8      | Bought a scroll of magic mapping for 45 gold pieces
  7685 | D:8      | Found Mineor's Assorted Antiques.
  7697 | D:8      | Noticed a two-headed ogre
  7703 | D:8      | Killed a two-headed ogre
  7894 | D:8      | Found a staircase to the Lair.
  7904 | D:8      | Reached skill level 10 in Armour
  8501 | D:9      | Noticed Psyche
  8766 | D:9      | Reached skill level 8 in Shields
  8818 | D:9      | Noticed Joseph
  8834 | D:9      | Killed Joseph
  8834 | D:9      | Reached ***** piety under Okawaru
  9136 | D:9      | Killed Psyche
  9136 | D:9      | Reached XP level 11. HP: 96/97 MP: 10/10
  9180 | D:10     | Entered Level 10 of the Dungeon
  9429 | D:10     | Received a gift from Okawaru
  9443 | D:10     | Got an encrusted scarf {god gift}
  9450 | D:10     | Identified the scarf "Pumiag" {-Tele rC- rN+++ Int+6} (Okawaru gifted it to you on level 10 of the Dungeon)
  9609 | D:10     | Found a staircase to the Orcish Mines.
  9928 | D:10     | Noticed a two-headed ogre
  9937 | D:10     | Killed a two-headed ogre
  9975 | D:10     | Found Fetwoh's Serpentskin Sales.
 10210 | D:11     | Noticed Harold
 10237 | D:11     | Killed Harold
 10237 | D:11     | Reached skill level 10 in Fighting
 10237 | D:11     | Reached skill level 9 in Shields
 10447 | D:11     | Noticed a five-headed hydra
 10604 | Lair:1   | Entered Level 1 of the Lair of Beasts
 11552 | Lair:1   | Reached XP level 12. HP: 99/108 MP: 11/11
 11955 | Lair:2   | Reached skill level 10 in Shields
 11965 | Lair:2   | Noticed a five-headed hydra
 12575 | D:11     | Noticed a two-headed ogre
 12585 | D:11     | Killed a two-headed ogre
 12828 | D:11     | Found a roughly hewn altar of Beogh.
 12978 | D:11     | Reached ****** piety under Okawaru
 13169 | D:11     | Noticed Urug
 13185 | D:11     | Killed Urug
 13356 | D:11     | Killed a five-headed hydra
 13984 | D:12     | Reached skill level 15 in Long Blades
 14545 | D:12     | Reached skill level 11 in Shields
 14807 | D:13     | Received a gift from Okawaru
 15156 | D:13     | Noticed a tengu reaver
 15157 | D:13     | Found a gate to the Vaults.
 15181 | D:12     | Reached XP level 13. HP: 61/118 MP: 8/12
 15399 | D:13     | Killed a tengu reaver
 16080 | D:13     | Reached skill level 12 in Shields
 16466 | D:14     | Received a gift from Okawaru
 16829 | D:14     | Found Mumuzal's Magic Scroll Emporium.
 17094 | D:14     | Noticed Frances
 17141 | D:14     | Killed Frances
 17141 | D:14     | Reached skill level 13 in Shields
 17965 | D:14     | Noticed Azrael
 17975 | D:14     | Killed Azrael
 17975 | D:14     | Reached skill level 1 in Invocations
 17996 | D:14     | Reached skill level 1 in Stealth
 18122 | D:15     | Entered Level 15 of the Dungeon
 18858 | Lair:3   | Received a gift from Okawaru
 18858 | Lair:3   | Reached XP level 14. HP: 109/129 MP: 9/13
 19901 | Lair:4   | Reached skill level 14 in Shields
 20091 | Lair:4   | Found a staircase to the Shoals.
 20375 | Lair:4   | Received a gift from Okawaru
 20556 | Lair:4   | Noticed Nessos
 20564 | Lair:4   | Killed Nessos
 20570 | Lair:4   | Reached skill level 15 in Armour
 20747 | Lair:4   | Found a hole to the Spider Nest.
 21253 | Lair:5   | Reached skill level 15 in Shields
 21507 | Lair:5   | Found a staircase to the Slime Pits.
 22020 | Lair:6   | Entered Level 6 of the Lair of Beasts
 22329 | Lair:6   | Received a gift from Okawaru
 23000 | Lair:6   | Got an iridescent dire flail
 23493 | Lair:6   | Reached XP level 15. HP: 128/138 MP: 14/14
 24139 | Lair:6   | Received a gift from Okawaru
 24325 | Lair:6   | Reached skill level 16 in Shields
 25078 | Orc:1    | Entered Level 1 of the Orcish Mines
 25216 | Orc:2    | Entered Level 2 of the Orcish Mines
 25250 | Orc:2    | Found Wighab's Magic Scroll Emporium.
 25267 | Orc:2    | Bought a scroll of acquirement for 884 gold pieces
 25963 | Orc:1    | Found Oquan's Distillery.
 26098 | Orc:2    | Found Benewk's Bounteous Boutique.
 26133 | Orc:2    | Bought a scroll of brand weapon for 300 gold pieces
 26148 | Orc:2    | Found a roughly hewn altar of Beogh.
 26184 | Orc:2    | Found a staircase to the Elven Halls.
 27080 | Orc:2    | Found Kahonixe's General Store.
 27080 | Orc:2    | Found Woimipp's Assorted Antiques.
 27081 | Orc:2    | Found Mumekhotz's Assorted Antiques.
 27084 | Orc:2    | Found Nedatael's Book Shoppe.
 27122 | Orc:2    | Bought a scroll labeled KEYFRYREFO for 30 gold pieces
 27563 | Orc:1    | Noticed an orc warlord
 27700 | Orc:1    | Killed an orc warlord
 28381 | D:14     | Reached skill level 17 in Shields
 28386 | D:14     | Received a gift from Okawaru
 28389 | D:14     | Reached skill level 15 in Fighting
 29351 | D:15     | Reached XP level 16. HP: 129/149 MP: 15/15
 29504 | D:15     | Found Uxymach's Assorted Antiques.
 29512 | D:15     | Bought an ancient silver ring for 145 gold pieces
 29512 | D:15     | Identified the ring of Liemin {rElec MR+ Int+3} (You bought it in a shop on level 15 of the Dungeon)
 29595 | D:15     | Received a gift from Okawaru
 29604 | D:15     | Got a scorched double sword {god gift}
 29607 | D:15     | Identified the +4 double sword "Murmur" {slice, rElec rN+ Stlth+} (Okawaru gifted it to you on level 15 of the Dungeon)
 29611 | D:15     | Found a staircase to the Depths.
 29959 | Spider:1 | Entered Level 1 of the Spider Nest
 30908 | Spider:1 | Received a gift from Okawaru
 30908 | Spider:1 | Reached skill level 18 in Shields
 30911 | Spider:1 | Got a faintly humming cloak {god gift}
 30917 | Spider:1 | Identified the +0 cloak "Gil Nisu" {rElec SInv} (Okawaru gifted it to you on level 1 of the Spider Nest)
 31246 | Spider:1 | You fall through a shaft!
 33490 | Shoals:1 | Entered Level 1 of the Shoals
 33715 | Shoals:1 | Reached skill level 19 in Shields
 34010 | Shoals:1 | Received a gift from Okawaru
 34013 | Shoals:1 | Got a slimy triple sword {god gift}
 34021 | Shoals:1 | Identified the +10 triple sword of Imminent Death {protect, rF+ Dex+4} (Okawaru gifted it to you on level 1 of the Shoals)
 34088 | Shoals:1 | Found Zutwyan's Assorted Antiques.
 34403 | Shoals:2 | Reached skill level 1 in Evocations
 34750 | Shoals:2 | Reached XP level 17. HP: 158/158 MP: 16/16
 34874 | Shoals:2 | Received a gift from Okawaru
 36095 | Shoals:3 | Found a frozen archway.
 36160 | IceCv    | Entered an ice cave
 37124 | IceCv    | Got an ancient executioner's axe
 37125 | IceCv    | Identified the +6 executioner's axe of Dividends {speed, *Noise +Inv Str+5 Int+2} (You found it in an ice cave)
 37420 | Shoals:3 | Reached skill level 20 in Shields
 38043 | Shoals:4 | Entered Level 4 of the Shoals
 38161 | Shoals:4 | Received a gift from Okawaru
 38306 | Shoals:4 | HP: 4/160 [water nymph/the raging water (37)]
 38308 | Shoals:4 | Killed from afar by a water nymph

Skill      XL: |  1  2  3  4  5  6  7  8  9 10 11 12 13 14 15 16 17 |
---------------+----------------------------------------------------+-----
Long Blades    | 3 4 5 6 7 10 11 13 14 15 16 17 18 | 18.9
Armour         | 4 5 6 7 9 10 11 13 14 15 16 17 | 17.3
Shields        | 4 5 6 7 8 9 11 13 15 17 19 20 | 20.3
Fighting       | 4 5 6 8 9 10 12 13 14 15 16 | 16.6
Dodging        | 1 2 |  2.9
Invocations    | 1 |  1.0
Stealth        | 1 |  1.1
Evocations     | 1 |  1.0
Short Blades   | |  0.7

Action                   |  1- 3 |  4- 6 |  7- 9 | 10-12 | 13-15 | 16-18 || total
-------------------------+-------+-------+-------+-------+-------+-------++-------
Melee: Long sword        |    71 |   214 |   432 |    74 |   176 |       ||   967
       Headbutt          |     8 |    26 |    98 |   215 |   478 |   261 ||  1086
       Falchion          |       |       |       |   870 |   950 |       ||  1820
       Dagger            |       |       |       |     6 |    11 |       ||    17
       Scimitar          |       |       |       |       |   102 |       ||   102
       Double sword      |       |       |       |       |   495 |  1062 ||  1557
Invok: Heroism           |       |       |       |     7 |     6 |       ||    13
Evoke: Wand              |       |       |       |     2 |       |     2 ||     4
  Use: Scroll            |       |     9 |     3 |    11 |     7 |     9 ||    39
       Potion            |       |     5 |     1 |       |     2 |     4 ||    12
  Eat: Chunk             |       |     5 |    13 |    26 |    45 |    28 ||   117
       Fruit             |       |       |     2 |     3 |     2 |     2 ||     9
Armor: Scale mail        |    42 |    10 |       |       |       |       ||    52
       Plate armour      |       |   100 |   237 |   156 |       |       ||   493
       Crystal plate arm |       |       |       |   222 |   786 |   559 ||  1567
Dodge: Dodged            |    26 |    34 |   118 |   140 |   296 |   144 ||   758
Block: Shield            |    44 |    95 |    39 |   287 |  1322 |       ||  1787
       Buckler           |       |       |    74 |    41 |       |       ||   115
       Reflection        |       |       |       |       |    21 |    43 ||    64
       Large shield      |       |       |       |       |   129 |  1618 ||  1747
       Rpst.: Long sword |    12 |     9 |    34 |     2 |     5 |       ||    62
       Falchion          |       |       |       |    26 |    31 |       ||    57
       Scimitar          |       |       |       |       |     2 |       ||     2
       Double sword      |       |       |       |       |    23 |    37 ||    60
